 Dungeon Crawl Stone Soup version 0.23.2-1-ga50397a6bc (webtiles) character file.

Game seed: 4198170127883378901

114 Mrkan the Sneak (level 4, -1/23 HPs)
             Began as a Spriggan Monk on May 19, 2019.
             Slain by an orc priest
             ... wielding a +0 dagger
              (2 damage)
             ... on level 3 of the Dungeon.
             The game lasted 00:04:18 (2562 turns).

Mrkan the Sneak (Spriggan Monk)                     Turns: 2562, Time: 00:04:18

Health: -1/23      AC:  2    Str:  7    XL:     4   Next: 67%
Magic:  5/5        EV: 21    Int: 11    God:
Gold:   184        SH:  0    Dex: 19    Spells: 3/3 levels left

rFire    . . .     SeeInvis +   a - +0 short sword
rCold    . . .     Gourm    .   (shield restricted)
rNeg     . . .     Faith    .   b - +0 robe
rPois    .         Spirit   .   (helmet restricted)
rElec    .         Reflect  .   (no cloak)
rCorr    .         Harm     .   (gloves unavailable)
MR       .....                  (boots unavailable)
Stlth    +++.......             (no amulet)
HPRegen  0.07/turn              (no ring)
MPRegen  0.09/turn              (no ring)

@: very quick
A: very small, unfitting armour, see invisible, herbivore, speed 3, slow
metabolism 2
a: no special abilities


You were on level 3 of the Dungeon.
You were not hungry.

You visited 1 branch of the dungeon, and saw 3 of its levels.

You collected 184 gold pieces.

Inventory:

Hand Weapons
 a - a +0 short sword (weapon)
 n - a +4 short sword
Armour
 b - a +0 robe (worn)
Jewellery
 l - an uncursed ring of see invisible {unknown}
 o - an uncursed ring of poison resistance {unknown}
 p - a +2 ring of dexterity {unknown}
Wands
 m - a wand of iceblast (13)
Scrolls
 f - 3 scrolls of remove curse {unknown}
 g - a scroll of fog {unknown}
 h - 4 scrolls of identify {unknown}
 k - a scroll of blinking {unknown}
 q - a scroll of magic mapping {unknown}
 r - a scroll of teleportation {unknown}
 s - 2 scrolls of noise {unknown}
Potions
 d - a potion of cancellation {unknown}
 e - 2 potions of curing {unknown}
 i - a potion of mutation {unknown}
 j - a potion of flight {unknown}
Comestibles
 c - 4 rations


   Skills:
 - Level 2.4 Fighting
 + Level 4.1 Short Blades
 + Level 5.4 Dodging
 * Level 5.9 Stealth


You had 3 spell levels left.
You didn't know any spells.
Your spell library was empty.

Dungeon Overview and Level Annotations

Branches:
Dungeon (3/15)

Altars:
Cheibriados
Hepliaklqana
Kikubaaqudgha
Makhleb
Qazlal


Innate Abilities, Weirdness & Mutations

You are very small and have problems with some larger weapons.
You are too small for most types of armour.
You have supernaturally acute eyesight. (SInv)
You are a herbivore.
You cover ground extremely quickly.
You need to consume almost no food.


Message History

You hit the orc priest but do no damage.
You completely miss the orc priest.
The orc priest miscasts a cantrip.
You closely miss the orc priest.
The orc priest invokes the aid of Beogh against you.
Beogh smites you!
Ouch! That really hurt!
* * * LOW HITPOINT WARNING * * *
You hit the orc priest.
The orc priest is lightly wounded.
The orc priest barely misses you.
You barely miss the orc priest.
The orc priest is lightly wounded.
The orc priest looks braver for a moment.
You closely miss the orc priest.
The orc priest hits you with a +0 dagger.
* * * LOW HITPOINT WARNING * * *
You closely miss the orc priest.
The orc priest hits you with a +0 dagger.
You die...

#.# #...# #.#
#...# #.# #...#
#.# ##+##
#######.#
#.......#
###.#####
#.#############+
#.......@o......
###############%


You could see an orc priest.

Vanquished Creatures
  A gnoll (D:1)
  2 adders
  2 oozes
  A worm (D:2)
  A dart slug (D:3)
  5 leopard geckos
  3 orcs
  3 bats
  2 giant cockroaches
  3 goblins
  12 hobgoblins
  A quokka (D:3)
  A ball python (D:1)
  6 frilled lizards
  9 kobolds
  13 rats
65 creatures vanquished.

Notes
Turn   | Place    | Note
-------+----------+-------------------------------------------
     0 | D:1      | Mrkan the Spriggan Monk began the quest for the Orb.
     0 | D:1      | Reached XP level 1. HP: 11/11 MP: 2/2
    71 | D:1      | Reached XP level 2. HP: 5/16 MP: 3/3
   575 | D:1      | Reached XP level 3. HP: 13/19 MP: 4/4
  1265 | D:2      | Reached skill level 5 in Dodging
  1381 | D:2      | Reached skill level 5 in Stealth
  1523 | D:2      | Found an ancient bone altar of Kikubaaqudgha.
  1524 | D:2      | Found a stormy altar of Qazlal.
  1524 | D:2      | Found a hazy altar of Hepliaklqana.
  1534 | D:2      | Found a snail-covered altar of Cheibriados.
  1703 | D:2      | Reached XP level 4. HP: 23/23 MP: 5/5
  1709 | D:2      | Found a faded altar of an unknown god.
  2101 | D:3      | Found a burning altar of Makhleb.
  2561 | D:3      | HP: 1/23 [orc priest/+0 dagger (2)]
  2562 | D:3      | Slain by an orc priest

Skill      XL: |  1  2  3  4 |
---------------+-------------+-----
Stealth        | 4 5 |  5.9
Dodging        | 5 |  5.4
Short Blades   | 4 |  4.1
Fighting       | |  2.4

Action                   |  1- 3 |  4- 6 || total
-------------------------+-------+-------++-------
Melee: Short sword       |   181 |    75 ||   256
 Stab: Sleeping          |    10 |    10 ||    20
Armor: Robe              |    13 |     1 ||    14
Dodge: Dodged            |   141 |    28 ||   169
